 Dungeon Crawl Stone Soup version 0.21.1-1-g345015f (webtiles) character file.

242 n0claF the Digger (level 6, -1/32 HPs)
             Began as a Gargoyle Earth Elementalist on June 22, 2018.
             Slain by Edmund
             ... wielding a +1 flail of holy wrath
              (9 damage)
             ... on level 4 of the Dungeon.
             The game lasted 00:16:17 (5615 turns).

n0claF the Digger (Gargoyle Earth Elementalist)     Turns: 5615, Time: 00:16:17

Health: -1/32      AC:  6    Str: 11    XL:     6   Next: 9%
Magic:  11/11      EV: 12    Int: 18    God:
Gold:   194        SH:  0    Dex: 10    Spells: 5/11 levels left

rFire    . . .     SeeInvis .   (no weapon)
rCold    . . .     Gourm    .   (no shield)
rNeg     + . .     Faith    .   c - +0 robe
rPois    ∞         Spirit   .   (no helmet)
rElec    +         Reflect  .   (no cloak)
rCorr    .         Harm     .   (no gloves)
MR       .....                  (no boots)
Stlth    ++........             (no amulet)
HPRegen  0.10/turn              (no ring)
MPRegen  0.12/turn              (no ring)

@: starving
A: negative energy resistance 1, electricity resistance, unbreathing,
petrification resistance, rot immunity, AC +4
a: no special abilities


You were on level 4 of the Dungeon.
You were starving.

You visited 1 branch of the dungeon, and saw 4 of its levels.

You collected 194 gold pieces.

Inventory:

Missiles
 b - 9 stones (quivered)
 o - 3 throwing nets {!f}
Armour
 c - a +0 robe (worn)
Jewellery
 l - an uncursed amulet of faith {unknown}
   (You found it on level 2 of the Dungeon)
Scrolls
 e - a scroll of enchant armour {unknown}
 f - 2 scrolls of remove curse {unknown}
 g - 2 scrolls of enchant weapon {unknown}
 h - 7 scrolls of identify {unknown}
 j - a scroll of teleportation {unknown}
 r - a scroll of fog {unknown}
Potions
 a - a potion of haste {unknown}
 i - a potion of degeneration {unknown}
 k - a potion of cancellation {unknown}
 m - a potion of magic {unknown}
 n - a potion of curing {@q1}
 p - a potion of flight {unknown}
 q - a potion of mutation {unknown}
Books
 d - a book of Geomancy


   Skills:
 + Level 2.5 Dodging
 + Level 3.6 Stealth
 * Level 3.4 Spellcasting
 - Level 0.7 Transmutations
 * Level 5.5 Earth Magic


You had 5 spell levels left.
You knew the following spells:

 Your Spells              Type           Power        Failure   Level  Hunger
a - Sandblast             Erth           ###...       1%          1    None
b - Passwall              Tmut/Erth      ##........   6%          2    ##.....
c - Stone Arrow           Conj/Erth      ##....       16%         3    ###....


Dungeon Overview and Level Annotations

Branches:
Dungeon (4/15)
 Temple: D:4-7

Altars:
Hepliaklqana
Makhleb

Annotations:
D:3 Tiareth's ghost, amateur DECK
D:4 Dowan; Duvessa; Edmund


Innate Abilities, Weirdness & Mutations

You are resistant to torment.
Your stone body is resilient. (AC +4)
You are immune to poison.
You resist negative energy. (rN+)
You are resistant to electric shocks. (rElec)
You can survive without breathing.
You are immune to petrification.
You are immune to rotting.


Message History

The phantom blinks!
Found a scroll labeled OVOMAH VEVIH.
You hit the phantom but do no damage.
The phantom blinks!
The phantom blinks!
The phantom blinks!
Duvessa and Dowan come into view.
Dowan is wielding a dagger of protection.
Found a ring mail.
Found a stone staircase leading up.
Found a stone staircase leading down.
Edmund the Younger comes into view.
He is wielding a flail of holy wrath.
Edmund shouts!
A quokka comes into view.
The quokka barely misses you.
You barely miss the quokka.
The quokka bites you but does no damage.
You hit the quokka but do no damage.
The quokka bites you but does no damage.
You barely miss the quokka.
The quokka bites you but does no damage.
You miss the quokka.
The quokka bites you but does no damage.
You hit the quokka. The quokka bites you.
Edmund clears his throat.
Edmund hits you with a flail of holy wrath.
The quokka misses you.
You barely miss the quokka. The quokka bites you.
Edmund hits you with a flail of holy wrath.
You barely miss the quokka. The quokka bites you.
You barely miss the quokka. Edmund barely misses you. The quokka bites you.
You closely miss the quokka.
The quokka bites you but does no damage.
Edmund barely misses you.
You barely miss the quokka.
The quokka bites you but does no damage.
Edmund hits you with a flail of holy wrath!
* * * LOW HITPOINT WARNING * * *
The quokka barely misses you.
You hit the quokka but do no damage.
Edmund hits you with a flail of holy wrath.
* * * LOW HITPOINT WARNING * * *
The quokka bites you but does no damage.
You barely miss the quokka. The quokka completely misses you.
Edmund barely misses you.
You barely miss the quokka. The quokka barely misses you.
You closely miss the quokka. Edmund closely misses you.
The quokka completely misses you.
You barely miss the quokka. The quokka closely misses you.
Edmund hits you with a flail of holy wrath!
You die...

.....########.##..............
..............##......##......
.....#####.##.##......#..<....
(....# #.##.##..............
.....# #.##..#.....#####....
...#.#####.###'##'#...........
...#.#.....#........#####.#+ #
...#.#W#####.....@.....#
####.#.# #...r@......#
e..........#...........#
#..........#...........#
...........#####..###....
.........### #..# .....
.....###.# #..# ..... ..... .#
##.# .... ..... .# #.#


You could see Edmund and a quokka.

Vanquished Creatures
  Ijyb (D:4)
  An orc wizard (D:3)
  A hound zombie (D:3)
  4 gnolls (D:3)
  5 adders
  3 dart slugs
  A leopard gecko (D:2)
  10 orcs (D:3)
  3 ball pythons (D:1)
  5 bats
  7 giant cockroaches
  5 goblins
  9 hobgoblins
  3 jackals (D:2)
  A quokka (D:3)
  8 frilled lizards
  5 kobolds
  8 rats
80 creatures vanquished.

Notes
Turn   | Place    | Note
-------+----------+-------------------------------------------
     0 | D:1      | n0claF the Gargoyle Earth Elementalist began the quest for the Orb.
     0 | D:1      | Reached XP level 1. HP: 10/10 MP: 3/3
   323 | D:1      | Reached XP level 2. HP: 15/15 MP: 0/5
   518 | D:1      | Reached skill level 4 in Earth Magic
  1028 | D:2      | Reached XP level 3. HP: 16/19 MP: 1/6
  1088 | D:2      | Found a hazy altar of Hepliaklqana.
  1383 | D:2      | Learned a level 2 spell: Passwall
  1387 | D:2      | Learned a level 3 spell: Stone Arrow
  1823 | D:3      | Reached XP level 4. HP: 13/24 MP: 7/7
  2195 | D:3      | Found a burning altar of Makhleb.
  2197 | D:3      | Found a transporter.
  2203 | D:3      | Found a transporter.
  2262 | D:3      | Reached XP level 5. HP: 28/28 MP: 0/9
  2374 | D:3      | Reached skill level 5 in Earth Magic
  3481 | D:3      | Noticed Tiareth's ghost (amateur DECK)
  4485 | D:3      | HP: 1/28 [orc/mace (5)]
  5232 | D:4      | Noticed Ijyb
  5317 | D:4      | Killed Ijyb
  5317 | D:4      | Reached XP level 6. HP: 12/32 MP: 1/11
  5525 | D:4      | Noticed a phantom
  5562 | D:4      | Noticed Duvessa
  5562 | D:4      | Noticed Dowan
  5591 | D:4      | Noticed Edmund
  5615 | D:4      | Slain by Edmund

Skill      XL: |  1  2  3  4  5 |
---------------+----------------+-----
Earth Magic    | 4 5 |  5.5
Dodging        | 2 |  2.5
Stealth        | 3 |  3.6
Spellcasting   | 3 |  3.4
Transmutations | |  0.7

Action                   |  1- 3 |  4- 6 || total
-------------------------+-------+-------++-------
Melee: Unarmed           |    77 |   376 ||   453
 Cast: Sandblast         |    44 |    12 ||    56
       Stone Arrow       |       |    38 ||    38
 Stab: Sleeping          |     1 |     1 ||     2
       Distracted        |       |     1 ||     1
  Eat: Chunk             |     3 |     5 ||     8
       Ration            |       |     3 ||     3
Armor: Robe              |    38 |   132 ||   170
Dodge: Dodged            |    78 |   271 ||   349
